 Dungeon Crawl Stone Soup version 0.28.0-53-g5a82cb258f (webtiles) character file.

Game seed: 3069929327428810396

2590 OrdiNeu the Destroyer (level 9, -5/48 HPs)
             Began as a Kobold Conjurer on June 26, 2022.
             Slain by an orc knight
             ... wielding a +0 battleaxe
              (28 damage)
             ... in a bailey.
             The game lasted 00:25:31 (9631 turns).

OrdiNeu the Destroyer (Kobold Conjurer)             Turns: 9631, Time: 00:25:32

Health: -5/48      AC: 10    Str:  5    XL:     9   Next: 89%
Magic:  4/21       EV: 16    Int: 23    God:
Gold:   361        SH:  0    Dex: 13    Spells: 9/24 levels left

rFire   . . .      SeeInvis .   E - staff of air
rCold   + + .      Faith    .   (shield currently unavailable)
rNeg    . . .      Spirit   .   m - +2 robe {rC+ rF+}
rPois   .          Reflect  .   (no helmet)
rElec   +          Harm     .   (no cloak)
rCorr   .          Rampage  .   B - +0 pair of gloves
Will    .....                   p - +0 pair of boots
Stlth   ++++......              d - amulet of regeneration
HPRegen 0.96/turn               o - ring of ice
MPRegen 0.17/turn               r - +4 ring of protection

@: no status effects
A: small, no large weapons, nightstalker 3
a: no special abilities


You were in a bailey.
You visited 1 branch of the dungeon, and saw 7 of its levels.
You also visited: Sewer and Bailey.

You collected 361 gold pieces.

Inventory:

Hand Weapons
 h - a +0 dagger of venom
 n - a +1 short sword of freezing
Missiles
 y - 3 throwing nets
Armour
 a - a +0 robe
 m - a +2 robe of resistance (worn)
 p - a +0 pair of boots (worn)
 B - a +0 pair of gloves (worn)
 C - a +1 robe of positive energy
Magical Staves
 E - a staff of air (weapon)
Jewellery
 d - an amulet of regeneration (around neck)
 o - a ring of ice (left hand)
 r - a +4 ring of protection (right hand)
Wands
 F - a wand of flame (18)
Scrolls
 b - a scroll of immolation {unknown}
 c - a scroll of enchant weapon {unknown}
 f - 3 scrolls of teleportation
 i - 2 scrolls of torment {unknown}
 j - a scroll of amnesia {unknown}
 k - a scroll of holy word
 t - 2 scrolls of enchant armour {unknown}
 v - 2 scrolls of fog {unknown}
 z - a scroll of noise {unknown}
 A - 2 scrolls of fear {unknown}
Potions
 e - 2 potions of curing
 g - 2 potions of brilliance
 l - 2 potions of resistance
 q - a potion of might {unknown}
 s - a potion of haste
 u - a potion of cancellation {unknown}
 w - a potion of experience {unknown}
 D - a potion of flight {unknown}
 G - a potion of attraction {unknown}


   Skills:
 + Level 2.1 Fighting
 + Level 4.5 Dodging
 + Level 6.5 Stealth
 + Level 8.0 Spellcasting
 + Level 8.9 Conjurations
 * Level 2.3 Hexes
 + Level 0.2 Translocations


You had 9 spell levels left.
You knew the following spells:

 Your Spells              Type           Power      Damage    Failure   Level
a - Magic Dart            Conj           100%       1d8       1%          1
b - Searing Ray           Conj           100%       2d8       1%          2
c - Fulminant Prism       Conj/Hex       17%        3d11      7%          4
d - Apportation           Tloc           20%        N/A       6%          1
e - Iskenderun's Mystic   Conj/Tloc      30%        2d8       11%         4
f - Dazzling Flash        Conj/Hex       70%        N/A       1%          3

Your spell library contained the following spells:

 Spells                   Type           Power      Damage    Failure   Level
 Animate Skeleton         Necr           18%        N/A       7%          1
 Summon Small Mammal      Summ           36%        N/A       7%          1
 Animate Dead             Necr           4%         N/A       56%         4
 Borgnjor's Vile Clutch   Necr/Erth      4%         N/A       88%         5
 Death Channel            Necr           4%         N/A       100%        6


Dungeon Overview and Level Annotations

Branches:
Dungeon (7/15)              Sewer (visited)          Bailey (1/1)
 Temple: D:4-7

Altars:
Ashenzari
Nemelex Xobeh
The Shining One

Shops:
D:3 *   D:4 *   D:6 (

Annotations:
D:5 Sigmund
D:7 Joseph


Innate Abilities, Weirdness & Mutations

You are small and have problems with some larger weapons.
You are completely attuned to the shadows.


Message History

Things that are here:
a +0 war axe; a +0 ring mail
Items here: )) [[ ÷.
Things that are here:
a +0 hand axe; a +0 leather armour
Casting: Dazzling Flash (safe; 1% risk of failure)
Confirm with . or Enter, or press ? or * to list all spells.
Aiming: Searing Ray (safe; 1% risk of failure)
Press: ? - help, Shift-Dir - straight line, f - orc knight
Aim: an orc knight, wielding a +0 battleaxe and wearing a +0 scale mail (lightly wounded, 79% to hit)
The searing ray hits the orc knight.
The orc knight is moderately wounded. (Press . to maintain the ray.)
The orc knight barely misses you.
The searing ray hits the orc knight.
The orc knight is moderately wounded.
The orc knight hits you but does no damage.
The searing ray hits the orc knight.
The orc knight is moderately wounded.
The orc knight hits you with a +0 battleaxe.
The searing ray hits the orc knight but does no damage.
The orc knight is moderately wounded.
You finish channelling your searing ray.
The orc knight barely misses you.
Casting: Searing Ray (safe; 1% risk of failure)
Confirm with . or Enter, or press ? or * to list all spells.
Aiming: Searing Ray (safe; 1% risk of failure)
Press: ? - help, Shift-Dir - straight line, f/p - orc knight
Aim: an orc knight, wielding a +0 battleaxe and wearing a +0 scale mail (moderately wounded, 79% to hit)
The searing ray hits the orc knight but does no damage.
The orc knight is moderately wounded. (Press . to maintain the ray.)
The orc knight misses you.
The searing ray hits the orc knight!
The orc knight is heavily wounded.
The orc knight hits you with a +0 battleaxe!!
The searing ray misses the orc knight.
The orc knight hits you with a +0 battleaxe!!
Ouch! That really hurt!
You die...

### #≈≈≈≈≈ #.. #≈≈≈≈≈
#.8 #≈≈≈≈≈ ####..
#≈≈≈≈≈≈.#..o).
######.≈≈≈≈).#.))..
#......≈≈≈≈≈.#')###
###......≈≈≈≈≈.#)....
#...@o....))).)).))..
#∩.)∩.)..)...))'..⌠..
#.....)........'..)..
###......≈≈≈≈≈.#)....
#......≈≈S≈≈.#''###
######.≈≈≈≈≈.#...
≈≈≈≈≈≈.#.... ≈≈≈###
≈≈≈


You could see an orc knight.

Vanquished Creatures
  A water moccasin (D:6)
  9 orc warriors (Bailey)
  An ice beast (D:6)
  A sky beast (D:5)
  A black bear (D:5)
  An ogre (D:4)
  2 kobold brigands (Sewer)
  4 scorpions
  A water moccasin zombie (D:5)
  A water moccasin skeleton (D:5)
  A howler monkey (D:4)
  2 bullfrog zombies
  4 hounds
  A jelly (D:5)
  2 orc priests (D:6)
  A gnoll shaman (D:6)
  Jessica (D:2)
  2 iguanas
  An orc wizard (D:6)
  16 gnolls
  4 adders
  A shadow imp (D:3)
  2 ufetubi
  2 adder skeletons
  6 worms
  A dart slug (D:3)
  17 orcs
  7 bats
  6 endoplasms
  6 giant cockroaches
  10 goblins
  9 hobgoblins
  5 jackals
  13 kobolds
  3 quokkas
  14 ball pythons
  5 frilled lizards
  4 rats
168 creatures vanquished.

Vanquished Creatures (others)
  3 fulminant prisms (Bailey)
3 creatures vanquished.

Grand Total: 171 creatures vanquished

Notes
Turn   | Place    | Note
-------+----------+-------------------------------------------
     0 | D:1      | OrdiNeu the Kobold Conjurer began the quest for the Orb.
     0 | D:1      | Reached XP level 1. HP: 10/10 MP: 3/3
   307 | D:1      | Reached XP level 2. HP: 15/15 MP: 0/5
   490 | D:1      | Learned a level 2 spell: Searing Ray
  1018 | D:1      | Reached XP level 3. HP: 17/19 MP: 2/6
  1736 | D:2      | Reached skill level 5 in Conjurations
  1736 | D:2      | Reached XP level 4. HP: 10/24 MP: 2/8
  1910 | D:2      | Noticed Jessica
  1913 | D:2      | Killed Jessica
  2213 | D:2      | Reached XP level 5. HP: 28/28 MP: 4/9
  2322 | D:3      | Found a faded altar of an unknown god.
  2749 | D:3      | Found Nuysm's Assorted Antiques.
  2790 | D:3      | Found a glowing golden altar of the Shining One.
  2793 | D:3      | Found a broken altar of Ashenzari.
  3158 | D:3      | Learned a level 4 spell: Fulminant Prism
  3811 | D:4      | Found a sparkling altar of Nemelex Xobeh.
  3857 | D:4      | Reached XP level 6. HP: 33/33 MP: 5/11
  3933 | D:4      | Found a glowing drain.
  3939 | D:4      | Noticed an ogre
  3995 | Sewer    | Entered a sewer
  4261 | Sewer    | Reached XP level 7. HP: 37/37 MP: 6/13
  5192 | D:4      | Learned a level 1 spell: Apportation
  5241 | D:4      | Found Pucir's Assorted Antiques.
  5462 | D:5      | Entered Level 5 of the Dungeon
  5470 | D:5      | Reached skill level 1 in Fighting
  5675 | D:5      | Reached skill level 5 in Stealth
  5675 | D:5      | Reached skill level 5 in Spellcasting
  5675 | D:5      | Reached XP level 8. HP: 31/43 MP: 3/15
  6180 | D:5      | Noticed Sigmund
  7283 | D:6      | Found Xaveoc's Weapon Emporium.
  7754 | D:6      | Reached XP level 9. HP: 47/47 MP: 10/19
  8529 | D:7      | Noticed Joseph
  8541 | D:7      | Found a flagged portal.
  8545 | D:7      | Noticed a gargoyle
  8581 | Bailey   | Entered a bailey
  8667 | Bailey   | Learned a level 4 spell: Iskenderun's Mystic Blast
  8808 | Bailey   | Reached skill level 1 in Hexes
  9550 | Bailey   | Noticed an orc knight
  9607 | Bailey   | Learned a level 3 spell: Dazzling Flash
  9608 | Bailey   | Noticed an orc knight
  9631 | Bailey   | Slain by an orc knight

Illustrated notes

Levels and vault maps discovered:
D:1:      dpeg_arrival_rhombi, layout_rooms, minmay_misc_feat_alley,
          minivault_27
D:2:      layout_loops_cross, uniq_jessica
D:3:      layout_loops_corners, nicolae_overflow_squiral,
          nicolae_ecumenical_pavilion, serial_shops, shop_coins
D:4:      layout_rooms, mainiacjoe_overflow_six_doors_small,
          cheibrodos_sewer_entry_drain, serial_shops, nicolae_shop_crystal,
          serial_curves, eino_curves_01, eino_curves_02, due_unseen_surprise
D:5:      nicolae_BIG_FREAKIN_CUBE, layout_basic,
          minmay_temple_entry_from_below_a, uniq_sigmund
D:6:      layout_gridville, serial_shops, nicolae_shop_bloodbath_and_beyond
D:7:      layout_basic, enter_bailey_3, serial_glass, glass_columns_c,
          glass_columns_b, uniq_joseph
Bailey:   bailey_axe_of_yendor_kennysheep, bailey

Skill      XL: |  1  2  3  4  5  6  7  8  9 |
---------------+----------------------------+-----
Conjurations   | 5 6 7 8 |  8.9
Stealth        | 3 4 5 6 |  6.5
Spellcasting   | 3 4 5 6 8 |  8.0
Dodging        | 3 4 |  4.5
Fighting       | 1 2 |  2.1
Hexes          | 2 |  2.3
Translocations | |  0.2

Action                   |  1- 3 |  4- 6 |  7- 9 || total
-------------------------+-------+-------+-------++-------
Melee: Unarmed           |     5 |       |       ||     5
       Short sword       |       |     1 |       ||     1
       Dagger            |       |       |     1 ||     1
       Staff             |       |       |     1 ||     1
 Cast: Magic Dart        |    45 |    24 |     3 ||    72
       Searing Ray       |     5 |    27 |    98 ||   130
       Fulminant Prism   |       |       |     3 ||     3
       Iskenderun's Myst |       |       |     2 ||     2
       Dazzling Flash    |       |       |     1 ||     1
  Use: Scroll            |     2 |       |     5 ||     7
       Potion            |       |       |     1 ||     1
 Stab: Sleeping          |       |       |     1 ||     1
Armor: Robe              |     2 |     2 |    21 ||    25
Dodge: Dodged            |    14 |     9 |    73 ||    96
